 Dungeon Crawl Stone Soup version 0.32-a0-131-g9dbbe29261 (webtiles) character file.

Game seed: 9668807862001451739

31 PriceMaster the Chiller (level 3, 0/16 HPs)
             Began as a Vine Stalker Ice Elementalist on Feb 9, 2024.
             Slain by a goblin
             ... wielding a +0 dagger
             ... led by Robin
              (4 damage)
             ... on level 2 of the Dungeon.
             The game lasted 00:01:55 (1124 turns).

PriceMaster the Chiller (VSIE)                      Turns: 1124, Time: 00:01:56

Health: 0/16       AC:  2    Str: 10 (12) XL:     3   Next: 22%
Magic:  0/7        EV: 12    Int: 12 (15) God:
Gold:   5          SH:  0    Dex: 13 (14) Spells: 5/7 levels left

rFire   . . .        c - +0 short sword
rCold   . . .        (no shield)
rNeg    . . .        a - +0 robe
rPois   .            (no helmet)
rElec   .            (no cloak)
rCorr   .            (no gloves)
SInv    .            (no boots)
Will    .....        (no amulet)
Stlth   ++           (no ring)
HPRegen 1.02/turn    (no ring)
MPRegen 0.10/turn

%: guardian spirit
@: no status effects
A: fangs 2, regeneration 1, magic shield, antimagic bite, no potion heal 2
a: no special abilities


You were on level 2 of the Dungeon.
You visited 1 branch of the dungeon, and saw 2 of its levels.

You collected 5 gold pieces.

Inventory:

Hand Weapons
 c - a +0 short sword (weapon)
Armour
 a - a +0 robe (worn)
Scrolls
 e - 2 scrolls of identify
 g - a scroll of vulnerability
Potions
 d - a potion of curing


   Skills:
 + Level 1.7 Dodging
 + Level 2.7 Stealth
 + Level 2.6 Spellcasting
 + Level 4.6 Ice Magic


You had 5 spell levels left.
You knew the following spells:

 Your Spells              Type           Power      Damage    Failure   Level
a - Freeze                Ice            48%        1d6       3%          1
b - Sting                 Conj/Alch      4%         1d3       26%         1

Your spell library contained the following spells:

 Spells                   Type           Power      Damage    Failure   Level
 Frozen Ramparts          Ice            24%        1d4       12%         3
 Ozocubu's Armour         Ice            12%        N/A       12%         3
 Apportation              Tloc           2%         N/A       26%         1
 Necrotise                Necr           4%         1d4       26%         1
 Summon Small Mammal      Summ           4%         N/A       26%         1
 Summon Ice Beast         Ice/Summ       7%         N/A       30%         3
 Stone Arrow              Conj/Erth      2%         3d7       61%         3
 Animate Armour           Summ/Erth      2%         N/A       95%         4
 Lehudib's Crystal Spear  Conj/Erth      0%         10d2      100%        8


Dungeon Overview and Level Annotations

Branches:
Dungeon (2/15)

Altars:

Annotations:
D:2 Robin


Innate Abilities, Weirdness & Mutations

You have extremely sharp teeth.
Your natural rate of healing is unusually fast.
When hurt, damage is shared between your health and your magic reserves.
Your bite disrupts and absorbs the magic of your enemies.
Potions cannot restore your health.


Message History

The goblin is moderately wounded.
The jackal barely misses you. The jackal bites you.
Casting: Freeze (safe; 3% risk of failure)
Confirm with . or Enter, or press ? or * to list all spells.
Aiming: Freeze (safe; 3% risk of failure)
Press: ? - help, Shift-Dir - straight line, f/p - goblin
Aim: a goblin, wielding a +0 dagger of speed (moderately wounded, strong)
You freeze the goblin!
You kill the goblin!
The jackal misses you. The goblin hits you with a +0 dagger.
Casting: Freeze (safe; 3% risk of failure)
Confirm with . or Enter, or press ? or * to list all spells.
You don't know that spell.
Unknown command.
It was a potion of curing.
That felt strangely inert.
The jackal closely misses you. The goblin hits you with a +0 dagger.
Robin throws the goblin at you!
It was a potion of degeneration.
There was something very wrong with that liquid.
You feel weakened.
You feel dopey.
You feel clumsy. The jackal closely misses you.
The jackal bites you but does no damage.
The goblin misses you. The goblin hits you with a +0 dagger.
Casting: Freeze (safe; 3% risk of failure)
Confirm with . or Enter, or press ? or * to list all spells.
Aiming: Freeze (safe; 3% risk of failure)
Press: ? - help, Shift-Dir - straight line, f - goblin
Aim: a goblin, wielding a +0 dagger (strong)
You freeze the goblin.
The goblin is moderately wounded.
The jackal bites you but does no damage.
The goblin hits you with a +0 dagger. x2
* * * LOW HITPOINT WARNING * * *
You have no ailments to cure.
As you read the scroll labelled ZEOROX NALA, it crumbles to dust.
It is a scroll of identify.
g - a scroll of vulnerability The hobgoblin no longer looks unusually strong.
The jackal barely misses you. The goblin hits you with a +0 dagger.
You die...

######## .
###...g..+ ...
..##..<..g###.....
..........g@hg)....
...........##g#....
....#.#+#...# # .
...... ........
..#.###.<^..#.## .
#. .....#.#.# #
#+#.#...# # ..#.#.#
....$#..


You could see Robin, a jackal, 2 hobgoblins and 2 goblins.

Vanquished Creatures
  A dart slug (D:1)
  3 ball pythons (D:1)
  An endoplasm (D:1)
  A giant cockroach (D:1)
  5 goblins (D:2)
  5 hobgoblins (D:1)
  2 jackals (D:2)
  A kobold (D:1)
  A quokka (D:1)
  A bat (D:1)
  2 frilled lizards (D:1)
  2 rats (D:1)
25 creatures vanquished.

Notes
Turn   | Place    | Note
-------+----------+-------------------------------------------
     0 | D:1      | PriceMaster the Vine Stalker Ice Elementalist began the
                  | quest for the Orb.
     0 | D:1      | Reached XP level 1. HP: 9/9 MP: 4/4
    41 | D:1      | Reached XP level 2. HP: 13/13 MP: 3/6
   401 | D:1      | Learned a level 1 spell: Sting
  1109 | D:2      | Noticed Robin
  1111 | D:2      | Reached XP level 3. HP: 15/16 MP: 5/7
  1124 | D:2      | Slain by a goblin

Illustrated notes

Levels and vault maps discovered:
D:1:      beargit_arrival_greenhouse, layout_basic
D:2:      layout_basic, minmay_misc_feat_enclosed, uniq_robin

Action                     || total
---------------------------++-------
  Melee: Short sword       ||    15
         Bite              ||     4
         Punch             ||     1
   Cast: Freeze            ||    26
         Sting             ||     8
    Use: Potion            ||     3
         Scroll            ||     1
   Stab: Sleeping          ||     1
 Armour: Robe              ||    25
  Dodge: Dodged            ||    23

Table legend: (Time is in decaauts)
 A = Elapsed time spent in this place.
 B = Non-inter-level travel time spent in this place.
 C = Inter-level travel time spent in this place.
 D = Time resting spent in this place.
 E = Time spent auto-exploring this place.
 F = Levels seen in this place.
 G = Mean time per level.
                   A        B        C        D        E       F      G
               +--------+--------+--------+--------+--------+-----+--------+
         Total |   1123 |   1072 |     51 |      0 |    938 |   2 |  561.5 |
       Dungeon |   1123 |   1072 |     51 |      0 |    938 |   2 |  561.5 |
               +--------+--------+--------+--------+--------+-----+--------+

Top non-repeatable levels by time:
     D:1: 1103 daAuts
     D:2: 19 daAuts
